 Dungeon Crawl Stone Soup version 0.24.0-28-g17ded55e90 (webtiles) character file.

Game seed: 7047163482403363534, levelgen mode: deterministic

55 H0rd4k the Magician (level 3, -3/19 HPs)
             Began as a Deep Elf Wizard on Nov 13, 2019.
             Killed by nerve-wracking pain
             ... invoked by a shadow imp
             ... summoned by Natasha
              (13 damage)
             ... on level 2 of the Dungeon.
             The game lasted 00:03:03 (1645 turns).

H0rd4k the Magician (Deep Elf Wizard)               Turns: 1645, Time: 00:03:04

Health: -3/19      AC:  2    Str:  1 (4)  XL:     3   Next: 67%
Magic:  10/12      EV: 12    Int: 23      God:
Gold:   51         SH:  0    Dex: 11 (13) Spells: 4/13 levels left

rFire    . . .     SeeInvis .   (no weapon)
rCold    . . .     Gourm    .   (no shield)
rNeg     . . .     Faith    .   a - +0 robe
rPois    .         Spirit   .   b - +0 hat
rElec    .         Reflect  .   (no cloak)
rCorr    .         Harm     .   (no gloves)
MR       .....                  (no boots)
Stlth    ++........             (no amulet)
HPRegen  0.06/turn              (no ring)
MPRegen  0.13/turn              (no ring)

@: no status effects
A: no striking features
a: no special abilities


You were on level 2 of the Dungeon.
You were not hungry.

You visited 1 branch of the dungeon, and saw 2 of its levels.

You collected 51 gold pieces.

Inventory:

Armour
 a - a +0 robe (worn)
 b - a +0 hat (worn)
Scrolls
 c - 2 scrolls of fog {unknown}
 e - 3 scrolls of amnesia {unknown}
 g - a scroll of enchant armour {unknown}
Comestibles
 d - 5 rations


   Skills:
 + Level 2.7 Dodging
 + Level 2.8 Stealth
 + Level 5.9 Spellcasting
 + Level 1.6 Conjurations
   Level 1.1 Summonings
 + Level 1.1 Translocations


You had 4 spell levels left.
You knew the following spells:

 Your Spells              Type           Power        Failure   Level  Hunger
a - Magic Dart            Conj           ##..         4%          1    None
b - Blink                 Tloc           N/A          9%          2    None
c - Conjure Flame         Conj/Fire      ##......     19%         3    #......
d - Mephitic Cloud        Conj/Pois/Air  #.......     21%         3    #......

Your spell library contained the following spells:

 Spells                   Type           Power        Failure   Level  Hunger
 Call Imp                 Summ           ##......     9%          2    None
 Slow                     Hex            #.......     13%         2    None


Dungeon Overview and Level Annotations

Branches:
Dungeon (2/15)

Altars:

Annotations:
D:1 exclusion: 2 downstairs
D:2 Natasha


Message History

The magic dart hits you. The jackal bites you.
Casting: Magic Dart (safe; 4% risk of failure)
Confirm with . or Enter, or press ? or * to list all spells.
Aiming: Magic Dart (safe; 4% risk of failure)
Press: ? - help, Shift-Dir - straight line, f - jackal
Aim: a jackal The magic dart hits the jackal but does no damage.
Natasha casts a spell at you. You resist with some effort.
The jackal bites you.
The jackal bites you but does no damage.
The jackal completely misses you. The jackal closely misses you.
The jackal barely misses you.
Natasha casts a spell.
The jackal bites you. The jackal closely misses you.
Found a scroll labeled PESHI XAPOU.
The shadow imp gestures at you. Pain shoots through your body!
Ouch! That really hurt!
You die...

..#.......
..†......## .....
#.......### ...
#..)......# ?..
.##....<..5## ...
...........## #.#
...........5####.#
...........h..##.#
.##........#..).@#
....†...).#..##h#
####.......##...h#
##...##.####..#
######.. ...# ###
#####


You could see Natasha, a shadow imp and 2 jackals.

Vanquished Creatures
  A gnoll (D:2)
  2 adders (D:2)
  A leopard gecko (D:2)
  A bat (D:2)
  3 goblins (D:2)
  4 hobgoblins
  4 jackals
  2 frilled lizards
  6 kobolds
  2 rats (D:1)
26 creatures vanquished.

Notes
Turn   | Place    | Note
-------+----------+-------------------------------------------
     0 | D:1      | H0rd4k the Deep Elf Wizard began the quest for the Orb.
     0 | D:1      | Reached XP level 1. HP: 10/10 MP: 7/7
   460 | D:1      | Reached skill level 5 in Spellcasting
   595 | D:1      | Reached XP level 2. HP: 14/15 MP: 7/10
  1195 | D:2      | Noticed Natasha
  1341 | D:2      | Reached XP level 3. HP: 14/19 MP: 3/12
  1612 | D:1      | Learned a level 2 spell: Blink
  1616 | D:1      | Learned a level 3 spell: Conjure Flame
  1620 | D:1      | Learned a level 3 spell: Mephitic Cloud
  1645 | D:2      | Killed from afar by a shadow imp

Levels and vault maps discovered:
D:1:      tarquinn_simple_flora_water_a, layout_basic
D:2:      layout_rooms, grunt_qazlal_sundering, uniq_natasha

Skill      XL: |  1 |
---------------+----+-----
Spellcasting   | 5 |  5.9
Dodging        | |  2.7
Stealth        | |  2.8
Conjurations   | |  1.6
Summonings     | |  1.1
Translocations | |  1.1

Action                   || total
-------------------------++-------
 Cast: Magic Dart        ||    74
  Use: Potion            ||     2
  Eat: Chunk             ||     2
Armor: Robe              ||     3
Dodge: Dodged            ||    21
